 Dungeon Crawl Stone Soup version 0.29-a0-559-g359e09b9d1 (webtiles) character file.

Game seed: 1173515409382836641

40 Bruhh the Skirmisher (level 3, -1/36 HPs)
             Began as a Naga Fighter on June 10, 2022.
             Slain by a goblin
             ... wielding a +0 dagger
             ... led by Robin
              (2 damage)
             ... on level 2 of the Dungeon.
             The game lasted 00:01:22 (1379 turns).

Bruhh the Skirmisher (Naga Fighter)                 Turns: 1379, Time: 00:01:22

Health: -1/36      AC:  4    Str: 20    XL:     3   Next: 50%
Magic:  3/3        EV:  7    Int:  8    God:
Gold:   55         SH:  4    Dex: 10    Spells: 2/2 levels left

rFire   . . .      SeeInvis +   a - +0 flail
rCold   . . .      Faith    .   c - +0 buckler
rNeg    . . .      Spirit   .   b - +0 scale mail
rPois   +          Reflect  .   (no helmet)
rElec   .          Harm     .   (no cloak)
rCorr   .          Rampage  .   (no gloves)
Will    .....                   (no barding)
Stlth   ..........              (no amulet)
HPRegen 0.12/turn               (no ring)
MPRegen 0.08/turn               (no ring)

@: about to teleport, weak-willed, very slow
A: AC +1, large, see invisible, deformed body, poison resistance, slowness 2,
spit poison 1, naga tail 1
a: Spit Poison


You were on level 2 of the Dungeon.
You visited 1 branch of the dungeon, and saw 2 of its levels.

You collected 55 gold pieces.

Inventory:

Hand Weapons
 a - a +0 flail (weapon)
Armour
 b - a +0 scale mail (worn)
 c - a +0 buckler (worn)
 n - a +1 leather armour of willpower
Scrolls
 l - a scroll of teleportation
 m - a scroll of blinking {unknown}
Potions
 d - 2 potions of might
 i - a potion of invisibility {unknown}
 j - a potion of resistance {unknown}


   Skills:
 + Level 3.8 Fighting
 + Level 3.0 Maces & Flails
 - Level 2.4 Armour
 - Level 2.6 Shields


You had 2 spell levels left.
You didn't know any spells.
Your spell library contained the following spells:

 Spells                   Type           Power      Damage    Failure   Level
 Beastly Appendage        Tmut           0%         N/A       83%         1
 Blink                    Tloc           0%         N/A       93%         2
 Wereblood                Tmut           0%         N/A       93%         2
 Lesser Beckoning         Tloc           0%         N/A       99%         3
 Spider Form              Tmut/Pois      0%         N/A       99%         3
 Manifold Assault         Tloc           0%         N/A       100%        5


Dungeon Overview and Level Annotations

Branches:
Dungeon (2/15)

Altars:

Shops:
D:2 ?:

Annotations:
D:2 Robin


Innate Abilities, Weirdness & Mutations

Your serpentine skin is tough. (AC +1)
You have supernaturally acute eyesight. (SInv)
Armour fits poorly on your strangely shaped body.
Your system is resistant to poisons. (rPois)
You cover ground very slowly.
You can spit poison.
You have a snake-like lower body.


Message History

The goblin hits you with a +0 dagger.
* * * LOW HITPOINT WARNING * * *
The goblin hits you but does no damage.
Unknown command.
It was a potion of curing.
You feel better.
The goblin no longer looks unusually strong.
The goblin hits you with a +0 club.
* * * LOW HITPOINT WARNING * * *
The goblin barely misses you. The goblin hits you but does no damage.
Okay, then.
As you read the scroll labelled MITUTO KOH ALI, it crumbles to dust.
It is a scroll of identify.
l - 2 scrolls of teleportation The goblin hits you but does no damage.
The goblin hits you with a +0 club.
* * * LOW HITPOINT WARNING * * *
The goblin hits you but does no damage.
Okay, then.
You feel better.
The goblin no longer looks unusually strong. x2
The goblin hits you with a +0 dagger. The goblin hits you but does no damage.
The goblin hits you with a +0 dagger.
* * * LOW HITPOINT WARNING * * *
As you read the scroll of teleportation, it crumbles to dust.
You feel strangely unstable. The goblin hits you with a +0 club.
* * * LOW HITPOINT WARNING * * *
The goblin hits you with a +0 dagger.
* * * LOW HITPOINT WARNING * * *
The goblin hits you but does no damage.
You barely miss the goblin.
The goblin hits you but does no damage. x2
You block the goblin's attack.
Unknown command.
You hit the goblin.
The goblin is heavily wounded.
The goblin no longer looks unusually strong.
The goblin hits you with a +0 dagger.
* * * LOW HITPOINT WARNING * * *
The goblin hits you with a +0 club.
* * * LOW HITPOINT WARNING * * *
The goblin hits you with a +0 dagger.
You die... ######gg# ### #g@ggggg#

..#
#g#####.#
#.# #ยง#
#.# #.#
###.#####>#
#.........#
###.#######
#.# #.#


You could see 4 goblins.

Vanquished Creatures
  A worm (D:2)
  2 dart slugs
  3 bats
  4 endoplasms
  2 giant cockroaches (D:1)
  2 goblins
  2 hobgoblins
  3 ball pythons (D:1)
  2 frilled lizards (D:2)
  5 kobolds
  6 rats
32 creatures vanquished.

Vanquished Creatures (others)
  6 toadstools (D:2)
6 creatures vanquished.

Grand Total: 38 creatures vanquished

Notes
Turn   | Place    | Note
-------+----------+-------------------------------------------
     0 | D:1      | Bruhh the Naga Fighter began the quest for the Orb.
     0 | D:1      | Reached XP level 1. HP: 21/21 MP: 1/1
   431 | D:1      | Reached XP level 2. HP: 28/28 MP: 2/2
   791 | D:1      | You fall into a shaft and drop 1 floor!
   803 | D:2      | Reached XP level 3. HP: 7/34 MP: 3/3
  1043 | D:2      | Found Vatta's Magic Scroll Boutique.
  1163 | D:2      | Noticed a golden eye
  1166 | D:2      | Found a faded altar of an unknown god.
  1167 | D:2      | Noticed an eye of devastation
  1167 | D:2      | Noticed a great orb of eyes
  1167 | D:2      | Noticed a great orb of eyes
  1311 | D:2      | Found Axyiwn's Book Shoppe.
  1362 | D:2      | Noticed Robin
  1379 | D:2      | HP: 1/36 [goblin/+0 club[Robin] (1)]
  1379 | D:2      | Slain by a goblin

Illustrated notes

Levels and vault maps discovered:
D:1:      dpeg_arrival_circle_labyrinth_c, layout_rooms,
          minmay_misc_feat_secret_circle
D:2:      cheibrodos_fertilizer, layout_loops_ring, serial_shops, shop, shop,
          nicolae_shop_behind_doors, shop,
          nicolae_shop_temple_entry_statues_fountains,
          hellmonk_ecumenical_altar_watching_god, minmay_unequal, uniq_robin

Skill      XL: |  1  2  3 |
---------------+----------+-----
Maces & Flails | 3 |  3.0
Fighting       | |  3.8
Armour         | |  2.4
Shields        | |  2.6

Action                   || total
-------------------------++-------
Melee: Flail             ||    82
  Use: Scroll            ||     5
       Potion            ||     2
Armor: Scale mail        ||    50
Dodge: Dodged            ||    29
Block: Buckler           ||    17

Table legend: (Time is in decaauts)
 A = Elapsed time spent in this place.
 B = Non-inter-level travel time spent in this place.
 C = Inter-level travel time spent in this place.
 D = Time resting spent in this place.
 E = Time spent auto-exploring this place.
 F = Levels seen in this place.
 G = Mean time per level.
                   A        B        C        D        E       F      G
               +--------+--------+--------+--------+--------+-----+--------+
         Total |   1667 |   1667 |      0 |      0 |   1415 |   2 |  833.5 |
       Dungeon |   1667 |   1667 |      0 |      0 |   1415 |   2 |  833.5 |
               +--------+--------+--------+--------+--------+-----+--------+

Top non-repeatable levels by time:
     D:1: 999 daAuts
     D:2: 667 daAuts
